 Dungeon Crawl Stone Soup version 0.14-a0-2071-g7172c92 (webtiles) character file.

2732 Mitsuki the Tainter (level 9, -1/38 (39) HPs)
             Began as a Spriggan Venom Mage on Jan 23, 2014.
             Was a Believer of Vehumet.
             Killed by divine providence
             ... invoked by an orc priest
              (12 damage)
             ... on Level 9 of the Dungeon.
             The game lasted 00:55:10 (9769 turns).

Mitsuki the Tainter (Spriggan Venom Mage)           Turns: 9769, Time: 00:55:10

HP  -1/38 (39)   AC  6     Str  7      XL: 9   Next: 16%
MP  17/27        EV 18     Int 17      God: Vehumet [**....]
Gold 464         SH  0     Dex 16      Spells:  3 memorised, 15 levels left

rFire  . . .     SeeInvis +     a - +4,+2 elf dagger (flame)
rCold  + . .     Clarity  +     f - +1 robe
rNeg   . . .     Conserve .     (shield restricted)
rPois  .         rCorr    .     (helmet restricted)
rElec  .         rRot     .     (no cloak)
SustAb . .       Spirit   .     (gloves unavailable)
rMut   .         Warding  .     (boots unavailable)
Saprov . . .     Stasis   .     m - amulet of clarity
MR     +....                    C - +3 ring of protection
                                v - ring of protection from cold

@: very slightly contaminated, hasted, very quick, somewhat resistant to hostile
enchantments, stealthy
A: unfitting armour, see invisible, herbivore 3, speed 3, slow metabolism 2
a: Renounce Religion


You were on level 9 of the Dungeon.
You worshipped Vehumet.
Vehumet was pleased with you.
You were not hungry.

You visited 2 branches of the dungeon, and saw 10 of its levels.
You also visited: Sewer.

You collected 464 gold pieces.

Inventory:

Hand weapons
 a - a +4,+2 elven dagger of flaming (weapon)
Armour
 f - a +1 robe (worn)
Magical devices
 A - a wand of fireball (0)
Comestibles
 B - 3 bread rations
Scrolls
 c - a scroll of enchant weapon II
 d - a scroll of recharging
 e - 5 scrolls of remove curse
 i - a scroll of enchant armour
 n - a scroll of amnesia
 r - 3 scrolls of fear {unknown}
 w - 3 scrolls of identify
 y - a scroll of teleportation {unknown}
Jewellery
 m - an amulet of clarity (around neck)
 v - a ring of protection from cold (left hand)
 x - an uncursed amulet of conservation
 C - a +3 ring of protection (right hand)
Potions
 g - a potion of curing
 h - a potion of brilliance {unknown}
 j - a potion of flight {unknown}
 k - a potion of agility {unknown}
 l - 2 potions of speed
 o - a potion of degeneration {unknown}
 p - a potion of berserk rage {unknown}
 q - a potion of heal wounds {unknown}
 s - a potion of poison {unknown}
 t - a potion of restore abilities {unknown}
 u - 2 potions of mutation {unknown}
 z - a potion of paralysis {unknown}
Books
 b - a Young Poisoner's Handbook

   Spells                             Type                      Level
   *Sting                             Conjuration/Poison           1
   *Cure Poison                       Poison                       2
   *Mephitic Cloud                    Conjuration/Poison/Air       3
   Olgreb's Toxic Radiance            Poison                       4
   Venom Bolt                         Conjuration/Poison           5


   Skills:
 - Level 0.2 Short Blades
 - Level 3.4 Dodging
 - Level 3.7 Stealth
 + Level 6.6 Spellcasting
 - Level 1.0 Air Magic
 + Level 11.4 Poison Magic


You had 15 spell levels left.
You knew the following spells:

 Your Spells              Type           Power        Failure   Level  Hunger
a - Sting                 Conj/Pois      ####         1%          1    None
b - Mephitic Cloud        Conj/Pois/Air  ###.....     10%         3    ##.....
c - Cure Poison           Pois           #####.....   1%          2    None


Dungeon Overview and Level Annotations

Branches:
Dungeon (9/16)             Temple (1/1) D:6             Orc (0/4) D:9
   Lair: D:8-11

Altars:
Ashenzari
Cheibriados
Dithmengos
Elyvilon
Fedhas
Kikubaaqudgha
Makhleb
Nemelex Xobeh
Okawaru
Sif Muna
Trog
Vehumet
Xom
Yredelemnul
Zin
the Shining One

Shops:
D:4 *


Innate Abilities, Weirdness & Mutations

You are tiny and cannot use many weapons and most armour.
You have supernaturally acute eyesight.
You are a herbivore.
You cover ground extremely quickly.
You need consume almost no food.


Message History

You hit the centaur. You burn the centaur.
The centaur is almost dead.
You hit the centaur. You burn the centaur.
You kill the centaur!
Vehumet accepts your kill.
Things that are here:
an uncursed bow; 16 arrows; a centaur corpse The orc warrior throws a stone.
The stone misses you.
Casting: Sting
Confirm with . or Enter, or press ? or * to list all spells.
Aiming: Sting
Press: ? - help, Shift-Dir - straight line, f - necrophage
Aim: a necrophage
Okay, then.
The orc priest shouts!
You see here a stone.
The orc wizard shouts!
The orc priest calls down the wrath of Beogh upon you.
Something smites you!
You die...

... .... ..... # ....# ...#.
..# #.......## # ##..88.....# #
.##....8......##
#................###
#.......P...##..@..##
#..........###......#
#..........o........###
#...........##........###
#..........<#.........#.##
.....)......#.....#z.....###
......%......o....#(.......##
.........>..................###
.................(.....#......#


You could see an orc priest, an orc wizard and a yellow wasp zombie.

Vanquished Creatures
  3 orc warriors
  A sky beast (D:8)
  4 centaurs
  6 ogres
  3 giant frogs (D:6)
  A giant slug (Sewer)
  2 crimson imps
  A jelly (D:6)
  A goliath beetle (D:6)
  4 worker ants
  An orc priest (D:5)
  2 hounds
  A scorpion (D:9)
  5 orc wizards
  An iguana (D:5)
  An ogre zombie (D:8)
  A big kobold zombie (D:9)
  9 adders
  2 giant centipedes
  An inept feature mimic (D:6)
  A goliath beetle zombie (D:8)
  2 worms
  An adder zombie (D:5)
  An iguana zombie (D:6)
  A giant eyeball (D:9)
  5 giant geckos
  2 oozes
  20 orcs
  9 giant cockroaches
  17 hobgoblins
  13 jackals
  2 quokkas
  2 ball pythons
  19 bats
  A giant gecko skeleton (D:4)
  A giant newt (D:2)
  12 goblins
  A hobgoblin skeleton (D:6)
  22 kobolds
  A kobold zombie (D:8)
  11 rats
194 creatures vanquished.

Notes
Turn   | Place    | Note
--------------------------------------------------------------
     0 | D:1      | Mitsuki, the Spriggan Venom Mage, began the quest for the Orb.
     0 | D:1      | Reached XP level 1. HP: 9/9 MP: 4/4
   361 | D:1      | Reached XP level 2. HP: 13/13 MP: 5/7
   909 | D:2      | Reached XP level 3. HP: 14/16 MP: 7/9
  1084 | D:2      | Learned a level 3 spell: Mephitic Cloud
  1291 | D:2      | Reached skill level 5 in Poison Magic
  1476 | D:2      | Reached XP level 4. HP: 21/21 MP: 6/12
  1524 | D:2      | Found a shimmering altar of Xom.
  2631 | D:4      | Noticed an ogre
  2639 | D:4      | Killed an ogre
  2639 | D:4      | Reached skill level 6 in Poison Magic
  2639 | D:4      | Reached XP level 5. HP: 24/24 MP: 8/14
  2697 | D:4      | Found Weracasm's Assorted Antiques.
  2762 | D:5      | Entered Level 5 of the Dungeon
  3540 | D:4      | Reached skill level 7 in Poison Magic
  3560 | D:5      | Reached XP level 6. HP: 24/28 MP: 13/17
  4073 | D:5      | Noticed an ogre
  4084 | D:5      | Killed an ogre
  4084 | D:5      | Reached skill level 8 in Poison Magic
  4257 | D:5      | Reached XP level 7. HP: 21/32 MP: 15/19
  4476 | D:5      | Noticed an ice beast
  4964 | D:6      | Reached skill level 1 in Air Magic
  5056 | D:6      | Found a glowing drain.
  5138 | Sewer    | Entered a sewer
  5451 | D:6      | Found a staircase to the Ecumenical Temple.
  5473 | Temple   | Entered the Ecumenical Temple
  5670 | Temple   | Became a worshipper of Vehumet
  5707 | D:6      | Reached skill level 9 in Poison Magic
  5990 | D:6      | Reached XP level 8. HP: 33/36 MP: 15/21
  6045 | D:6      | Reached skill level 10 in Poison Magic
  6781 | D:7      | Acquired Vehumet's first power
  6781 | D:7      | Offered knowledge of Magic Dart by Vehumet.
  7310 | D:7      | HP: 1/36 [orc wizard/puff of frost (3)]
  7975 | D:8      | Reached skill level 5 in Spellcasting
  7975 | D:8      | Reached skill level 11 in Poison Magic
  8456 | D:8      | Reached XP level 9. HP: 39/39 MP: 16/26
  8726 | D:9      | Found a staircase to the Orcish Mines.
  9032 | D:9      | Paralysed by a giant eyeball for 4 turns
  9468 | D:8      | Learned a level 2 spell: Cure Poison
  9690 | D:9      | Offered knowledge of Flame Tongue by Vehumet.
  9702 | D:9      | Paralysed by a giant eyeball for 4 turns
  9769 | D:9      | Killed from afar by an orc priest

Action                   |  1- 3 |  4- 6 |  7- 9 || total
-------------------------+-------+-------+-------++-------
Melee: Dagger            |    37 |    81 |   228 ||   346
 Cast: Sting             |    51 |   100 |   126 ||   277
       Mephitic Cloud    |       |     7 |    51 ||    58
       Cure Poison       |       |       |     1 ||     1
Evoke: Wand              |       |       |     1 ||     1
  Use: Scroll            |     3 |    10 |     6 ||    19
       Potion            |       |       |     4 ||     4
 Stab: Sleeping          |     5 |    11 |     5 ||    21
       Distracted        |     1 |       |       ||     1
       Confused          |       |     2 |    28 ||    30
